HS
NORTHWESTERN HS TITANS @ CATHEDRAL HS DEVIL DOGS
04/14/2060
 
TOP OF THE 1ST
Stoneman Douglas HS Eagles batting - Pitching for Lake Travis Captains : LHP Shawn Maio
Pitching: LHP Shawn Maio
Batting: RHB Greg Stein 0-0: Swinging Strike
0-1: Ball
1-1: Called Strike
1-2: Ball
2-2: Strikes out swinging
Batting: LHB Winston Ballard 0-0: Ball
1-0: Ground out 4-3 (Groundball, 4, EV 82.5 MPH)
Batting: RHB Devyn Glover 0-0: Fly out, F9 (Flyball, 9LS, EV 77.5 MPH)
Top of the 1st over - 0 runs, 0 hits, 0 errors, 0 left on base; Stoneman Douglas HS 0 - Lake Travis 0
BOTTOM OF THE 1ST
Lake Travis Captains batting - Pitching for Stoneman Douglas HS Eagles : LHP Dean Blackburn
Pitching: LHP Dean Blackburn
Batting: LHB Wesley Fernandez 0-0: Ball
1-0: Ball
2-0: Ground out 3-1 (Groundball, 34, EV 96.2 MPH)
Batting: RHB Breck Thien 0-0: Ball
1-0: Ball
2-0: Ball
3-0: Called Strike
3-1: SINGLE (Groundball, 4MD, EV 103.1 MPH)
Batting: RHB Scott Bolton 0-0: Grounds into double play, 4-6-3 (Groundball, 4, EV 90.0 MPH)
Bottom of the 1st over - 0 runs, 1 hit, 0 errors, 0 left on base; Stoneman Douglas HS 0 - Lake Travis 0
TOP OF THE 2ND
Stoneman Douglas HS Eagles batting - Pitching for Lake Travis Captains : LHP Shawn Maio
Batting: LHB Shawn Russell 0-0: Called Strike
0-1: Foul Ball, location: 2F
0-2: Ground out 6-3 (Groundball, 6S, EV 67.5 MPH)
Batting: RHB Rayshaun Chen 0-0: Called Strike
0-1: Swinging Strike
0-2: Ball
1-2: Foul Ball, location: 2F
1-2: Strikes out swinging
Batting: LHB Sylvester Todd 0-0: Called Strike
0-1: Ball
1-1: Foul Ball, location: 2F
1-2: Ball
2-2: Foul Ball, location: 2F
2-2: Foul Ball, location: 2F
2-2: Ball
3-2: SINGLE (Line Drive, 9S, EV 87.5 MPH)
Batting: RHB Sean Woodfin 0-0: Ball
1-0: Swinging Strike
1-1: Ball
2-1: Swinging Strike
2-2: Ball
3-2: Strikes out swinging
Top of the 2nd over - 0 runs, 1 hit, 0 errors, 1 left on base; Stoneman Douglas HS 0 - Lake Travis 0
BOTTOM OF THE 2ND
Lake Travis Captains batting - Pitching for Stoneman Douglas HS Eagles : LHP Dean Blackburn
Batting: RHB Frank Glass 0-0: Foul Ball, location: 2F
0-1: Ball
1-1: Ball
2-1: Foul Ball, location: 2F
2-2: Ball
3-2: Base on Balls
Batting: LHB Vince Westmoreland 0-0: Ball
1-0: Called Strike
Frank Glass is caught stealing 2nd base 2-6
1-1: Called Strike
1-2: Foul Ball, location: 2F
1-2: Ball
2-2: Ground out 5-3 (Groundball, 5L, EV 104.4 MPH)
Batting: RHB Kyle Christie 0-0: Ball
1-0: Foul Ball, location: 2F
1-1: SOLO HOME RUN (Flyball, 78XD, EV 105.6 MPH), Distance : 416 ft
Batting: SHB Skyler Peiffer 0-0: Ball
1-0: Foul Ball, location: 2F
1-1: Swinging Strike
1-2: Fly out, F8 (Flyball, 78D, EV 90.0 MPH)
Bottom of the 2nd over - 1 run, 1 hit, 0 errors, 0 left on base; Stoneman Douglas HS 0 - Lake Travis 1
TOP OF THE 3RD
Stoneman Douglas HS Eagles batting - Pitching for Lake Travis Captains : LHP Shawn Maio
Batting: RHB Chris Reeves 0-0: Ball
1-0: Ball
2-0: Called Strike
2-1: Ball
3-1: Swinging Strike
3-2: Foul Ball, location: 2F
3-2: Strikes out swinging
Batting: RHB Kyle Broadnax 0-0: Ball
1-0: SINGLE (Line Drive, 4MD, EV 95.0 MPH)
Batting: RHB Greg Stein 0-0: Grounds into double play, 4-6-3 (Groundball, 34, EV 110.6 MPH)
Top of the 3rd over - 0 runs, 1 hit, 0 errors, 0 left on base; Stoneman Douglas HS 0 - Lake Travis 1
BOTTOM OF THE 3RD
Lake Travis Captains batting - Pitching for Stoneman Douglas HS Eagles : LHP Dean Blackburn
Batting: RHB Vince Sipe 0-0: Ball
1-0: Called Strike
1-1: Ball
2-1: Ball
3-1: Called Strike
3-2: SINGLE (Line Drive, 34D, EV 104.4 MPH)
Batting: LHB Brendan Detwiler 0-0: Ball
1-0: Foul Ball, location: 2F
1-1: Ball
2-1: Foul Ball, location: 2F
2-2: Foul Ball, location: 2F
2-2: Foul Ball, location: 2F
2-2: Strikes out swinging
Batting: LHB Wesley Fernandez 0-0: Fly out, F8 (Flyball, 8RM, EV 80.0 MPH)
Batting: RHB Breck Thien 0-0: Called Strike
0-1: Called Strike
0-2: Foul Ball, location: 2F
0-2: Foul Ball, location: 2F
0-2: Foul Ball, location: 2F
0-2: Foul Ball, location: 2F
0-2: Ball
1-2: Ball
2-2: Ground out 2-3 (Groundball, 15S, EV 72.5 MPH)
Bottom of the 3rd over - 0 runs, 1 hit, 0 errors, 1 left on base; Stoneman Douglas HS 0 - Lake Travis 1
TOP OF THE 4TH
Stoneman Douglas HS Eagles batting - Pitching for Lake Travis Captains : LHP Shawn Maio
Batting: LHB Winston Ballard 0-0: Foul Ball, location: 2F
0-1: Ball
1-1: Ball
2-1: SINGLE (Flyball, 89S, EV 90.6 MPH)
Batting: RHB Devyn Glover 0-0: Fly out, F9 (Line Drive, 9, EV 100.6 MPH)
Batting: LHB Shawn Russell 0-0: Ball
1-0: Fly out, F3 (Line Drive, 3, EV 64.4 MPH)
Batting: RHB Rayshaun Chen 0-0: Called Strike
Winston Ballard is caught stealing 2nd base 2-4
Top of the 4th over - 0 runs, 1 hit, 0 errors, 0 left on base; Stoneman Douglas HS 0 - Lake Travis 1
BOTTOM OF THE 4TH
Lake Travis Captains batting - Pitching for Stoneman Douglas HS Eagles : LHP Dean Blackburn
Batting: RHB Scott Bolton 0-0: Called Strike
0-1: Hit by Pitch
Batting: RHB Frank Glass 0-0: Ball
1-0: Called Strike
1-1: Ball
2-1: Ball
3-1: Swinging Strike
3-2: Strikes out looking
Batting: LHB Vince Westmoreland 0-0: Ball
1-0: Swinging Strike
1-1: Foul Ball, location: 2F
1-2: Grounds into double play, 5-4-3 (Groundball, 56D, EV 105.0 MPH)
Bottom of the 4th over - 0 runs, 0 hits, 0 errors, 0 left on base; Stoneman Douglas HS 0 - Lake Travis 1
TOP OF THE 5TH
Stoneman Douglas HS Eagles batting - Pitching for Lake Travis Captains : LHP Shawn Maio
Batting: RHB Rayshaun Chen 0-0: SINGLE (Groundball, 34D, EV 104.4 MPH)
Batting: LHB Sylvester Todd 0-0: Called Strike
0-1: Ball
1-1: Foul Ball, location: 2F
1-2: Ball
2-2: Ball
3-2: Base on Balls
Rayshaun Chen to second
Batting: RHB Sean Woodfin 0-0: Foul Ball, location: 2F
0-1: Ball
1-1: Ball
2-1: SINGLE (Line Drive, 89S, EV 90.6 MPH)
Rayshaun Chen to third
Sylvester Todd to second
Batting: RHB Chris Reeves 0-0: Fly out, F8 (Line Drive, 8RD, EV 96.9 MPH)
Runner from 3rd tags up, SCORES, throw by CF
Sylvester Todd to third
Pinch Hitting: RHB Morgan Beierschmitt 0-0: Swinging Strike
0-1: Fly out, F8 (Flyball, 8RM, EV 96.9 MPH)
Batting: RHB Greg Stein 0-0: Foul Ball, location: 2F
0-1: Ball
1-1: Fly out, F8 (Flyball, 8RD, EV 101.9 MPH)
Top of the 5th over - 1 run, 2 hits, 0 errors, 2 left on base; Stoneman Douglas HS 1 - Lake Travis 1
BOTTOM OF THE 5TH
Lake Travis Captains batting - Pitching for Stoneman Douglas HS Eagles : LHP Dean Blackburn
Now at 2B: Lukas Waters
Batting: RHB Kyle Christie 0-0: Foul Ball, location: 2F
0-1: Fly out, F8 (Line Drive, 8LD, EV 99.4 MPH)
Batting: SHB Skyler Peiffer 0-0: Ball
1-0: Foul Ball, location: 2F
1-1: Ball
2-1: Ground out 4-3 (Groundball, 4M, EV 98.8 MPH)
Batting: RHB Vince Sipe 0-0: Ground out 6-3 (Groundball, 6, EV 85.6 MPH)
Bottom of the 5th over - 0 runs, 0 hits, 0 errors, 0 left on base; Stoneman Douglas HS 1 - Lake Travis 1
TOP OF THE 6TH
Stoneman Douglas HS Eagles batting - Pitching for Lake Travis Captains : LHP Shawn Maio
Batting: LHB Winston Ballard 0-0: Ball
1-0: Called Strike
1-1: SINGLE (Flyball, 89S, EV 90.0 MPH)
Batting: RHB Devyn Glover 0-0: Ball
1-0: Called Strike
1-1: Swinging Strike
1-2: 2-RUN HOME RUN (Flyball, 78XD, EV 100.6 MPH), Distance : 424 ft
Batting: LHB Shawn Russell 0-0: Called Strike
0-1: Ball
1-1: Ball
2-1: Swinging Strike
2-2: Ball
3-2: Strikes out swinging
Pitching: LHP London Rauth
Batting: RHB Rayshaun Chen 0-0: Ball
1-0: Ball
2-0: Fly out, F9 (Line Drive, 9S, EV 111.9 MPH)
Batting: LHB Sylvester Todd 0-0: Ball
1-0: Ball
2-0: Swinging Strike
2-1: Ball
3-1: Base on Balls
Batting: RHB Sean Woodfin 0-0: Ball
1-0: Called Strike
1-1: Foul Ball, location: 2F
1-2: Ball
2-2: Ball
3-2: Foul Ball, location: 2F
3-2: Foul Ball, location: 2F
3-2: Base on Balls
Sylvester Todd to second
Batting: RHB Chris Reeves 0-0: Ball
1-0: Ball
2-0: Fly out, F3 (Popup, 3F, EV 66.2 MPH)
Top of the 6th over - 2 runs, 2 hits, 0 errors, 2 left on base; Stoneman Douglas HS 3 - Lake Travis 1
BOTTOM OF THE 6TH
Lake Travis Captains batting - Pitching for Stoneman Douglas HS Eagles : LHP Dean Blackburn
Batting: LHB Brendan Detwiler 0-0: Ball
1-0: Fly out, F8 (Flyball, 8RD, EV 94.4 MPH)
Batting: LHB Wesley Fernandez 0-0: Fly out, F7 (Flyball, 7, EV 82.5 MPH)
Batting: RHB Breck Thien 0-0: Swinging Strike
0-1: Ball
1-1: Foul Ball, location: 2F
1-2: Strikes out swinging
Bottom of the 6th over - 0 runs, 0 hits, 0 errors, 0 left on base; Stoneman Douglas HS 3 - Lake Travis 1
TOP OF THE 7TH
Stoneman Douglas HS Eagles batting - Pitching for Lake Travis Captains : LHP London Rauth
Batting: RHB Lukas Waters 0-0: Ball
1-0: Called Strike
1-1: Swinging Strike
1-2: Foul Ball, location: 2F
1-2: Strikes out swinging
Batting: RHB Greg Stein 0-0: Swinging Strike
0-1: Ball
1-1: Ground out 5-3 (Groundball, 56, EV 82.5 MPH)
Batting: LHB Winston Ballard 0-0: Called Strike
0-1: SINGLE (Line Drive, 7S, EV 98.1 MPH)
Batting: RHB Devyn Glover 0-0: SINGLE (Line Drive, 7S, EV 87.5 MPH)
Winston Ballard to second
Runner from 2nd tries for 3rd, SAFE, throw by LF made to third
Batting: LHB Shawn Russell 0-0: Ball
Wild Pitch!
Winston Ballard scores
Devyn Glover to second
1-0: Foul Ball, location: 2F
1-1: Foul Ball, location: 2F
1-2: Ball
2-2: Ball
3-2: Ground out U3 (Groundball, 34S, EV 79.4 MPH)
Top of the 7th over - 1 run, 2 hits, 0 errors, 1 left on base; Stoneman Douglas HS 4 - Lake Travis 1
BOTTOM OF THE 7TH
Lake Travis Captains batting - Pitching for Stoneman Douglas HS Eagles : LHP Dean Blackburn
Pitching: RHP Bennet Hokuaonani
Batting: RHB Scott Bolton 0-0: Swinging Strike
0-1: Called Strike
0-2: Foul Ball, location: 2F
0-2: Ball
1-2: Ball
2-2: Strikes out swinging
Batting: RHB Frank Glass 0-0: Fly out, F9 (Flyball, 9, EV 95.6 MPH)
Batting: LHB Vince Westmoreland 0-0: Foul Ball, location: 2F
0-1: Ball
1-1: Foul Ball, location: 2F
1-2: SOLO HOME RUN (Flyball, 78XD, EV 103.8 MPH), Distance : 418 ft
Batting: RHB Kyle Christie 0-0: Called Strike
0-1: Fly out, F9 (Line Drive, 9LS, EV 98.1 MPH)
Bottom of the 7th over - 1 run, 1 hit, 0 errors, 0 left on base; Stoneman Douglas HS 4 - Lake Travis 2
TOP OF THE 8TH
Stoneman Douglas HS Eagles batting - Pitching for Lake Travis Captains : LHP London Rauth
Batting: RHB Rayshaun Chen 0-0: Fly out, F7 (Flyball, 7S, EV 90.6 MPH)
Batting: LHB Sylvester Todd 0-0: Ball
1-0: Swinging Strike
1-1: Foul Ball, location: 2F
1-2: Ball
2-2: Ball
3-2: Base on Balls
Batting: RHB Sean Woodfin 0-0: Called Strike
0-1: Ball
1-1: Ball
2-1: Ball
3-1: Foul Ball, location: 2F
3-2: SINGLE (Groundball, 5S, EV 61.9 MPH) (infield hit)
Sylvester Todd to second
Pitching: RHP Tommy Robertson
Batting: RHB Chris Reeves 0-0: Foul Ball, location: 2F
0-1: Ball
1-1: SINGLE (Line Drive, 8LS, EV 95.6 MPH)
Sylvester Todd to third
Sean Woodfin to second
Batting: RHB Lukas Waters 0-0: Called Strike
0-1: Ball
1-1: Ball
2-1: Fly out, F7 (Flyball, 78M, EV 90.0 MPH)
Batting: RHB Greg Stein 0-0: Called Strike
0-1: SINGLE (Line Drive, 7S, EV 87.5 MPH)
Sylvester Todd scores
Sean Woodfin to third
Chris Reeves to second
Runner from 3rd tries for Home, SAFE, throw by LF to home
Batting: LHB Winston Ballard 0-0: Called Strike
0-1: Ball
1-1: SINGLE (Groundball, 56D, EV 96.9 MPH)
Chris Reeves to third
Greg Stein to second
Runner from 3rd tries for Home, SAFE, throw by LF to home
Batting: RHB Devyn Glover 0-0: Fly out, F8 (Flyball, 8RS, EV 89.4 MPH)
Top of the 8th over - 3 runs, 4 hits, 0 errors, 2 left on base; Stoneman Douglas HS 7 - Lake Travis 2
BOTTOM OF THE 8TH
Lake Travis Captains batting - Pitching for Stoneman Douglas HS Eagles : RHP Bennet Hokuaonani
Batting: SHB Skyler Peiffer 0-0: Called Strike
0-1: Ball
1-1: Foul Ball, location: 2F
1-2: Foul Ball, location: 2F
1-2: Strikes out swinging
Batting: RHB Vince Sipe 0-0: Ball
1-0: Swinging Strike
1-1: Ball
2-1: Foul Ball, location: 2F
2-2: Ball
3-2: Foul Ball, location: 2F
3-2: Strikes out swinging
Batting: LHB Brendan Detwiler 0-0: Called Strike
0-1: DOUBLE (Groundball, 5L, EV 98.8 MPH)
Batting: LHB Wesley Fernandez 0-0: Foul Ball, location: 2F
0-1: Ball
1-1: Called Strike
1-2: Ball
2-2: Fly out, F6 (Popup, 6S, EV 80.6 MPH)
Bottom of the 8th over - 0 runs, 1 hit, 0 errors, 1 left on base; Stoneman Douglas HS 7 - Lake Travis 2
TOP OF THE 9TH
Stoneman Douglas HS Eagles batting - Pitching for Lake Travis Captains : RHP Tommy Robertson
Batting: LHB Shawn Russell 0-0: Ball
1-0: Fly out, F8 (Flyball, 8LXD, EV 92.5 MPH)
Batting: RHB Rayshaun Chen 0-0: Fly out, F9 (Flyball, 89S, EV 94.4 MPH)
Batting: LHB Sylvester Todd 0-0: Called Strike
0-1: Ball
1-1: Ball
2-1: SINGLE (Groundball, 34D, EV 98.8 MPH)
Batting: RHB Sean Woodfin 0-0: Ball
1-0: Foul Ball, location: 2F
1-1: Foul Ball, location: 2F
1-2: Strikes out swinging
Top of the 9th over - 0 runs, 1 hit, 0 errors, 1 left on base; Stoneman Douglas HS 7 - Lake Travis 2
BOTTOM OF THE 9TH
Lake Travis Captains batting - Pitching for Stoneman Douglas HS Eagles : RHP Bennet Hokuaonani
Batting: RHB Breck Thien 0-0: Ground out 4-3 (Groundball, 34, EV 85.6 MPH)
Batting: RHB Scott Bolton 0-0: Ball
1-0: Ball
2-0: Ball
3-0: Called Strike
3-1: Called Strike
3-2: Ground out 6-3 (Groundball, 6, EV 79.4 MPH)
Batting: RHB Frank Glass 0-0: Ball
1-0: Foul Ball, location: 2F
1-1: Foul Ball, location: 2F
1-2: Ball
2-2: Foul Ball, location: 2F
2-2: Fly out, F9 (Line Drive, 9, EV 94.4 MPH)
Bottom of the 9th over - 0 runs, 0 hits, 0 errors, 0 left on base; Stoneman Douglas HS 7 - Lake Travis 2
Saturday, April 27th , 2024 - OOTP Baseball 23.10 Build 110